 Dungeon Crawl Stone Soup version 0.29.1-12-g30fa7ad0bf (webtiles) character file.

Game seed: 15474255757080723882

51 booth the Cruncher (level 3, 0/35 HPs)
             Began as a Gnoll Wanderer on Jan 15, 2023.
             Slain by a jackal (1 damage)
             ... on level 1 of the Dungeon.
             The game lasted 00:02:52 (139 turns).

booth the Cruncher (Gnoll Wanderer)                  Turns: 139, Time: 00:02:53

Health: 0/35       AC:  3    Str: 14    XL:     3   Next: 81%
Magic:  11/11      EV: 11    Int: 11    God:
Gold:   12         SH:  0    Dex: 10    Spells: 15/16 levels left

rFire   . . .      SeeInvis .   a - +1 quarterstaff (vorpal)
rCold   . . .      Faith    .   (shield currently unavailable)
rNeg    . . .      Spirit   .   c - +0 leather armour
rPois   .          Reflect  .   (no helmet)
rElec   .          Harm     .   (no cloak)
rCorr   .          Rampage  .   (no gloves)
Will    .....                   (no boots)
Stlth   +.........              (no amulet)
HPRegen 0.11/turn               (no ring)
MPRegen 0.12/turn               (no ring)

@: brilliant
A: fangs 1, strong nose, distributed training
a: no special abilities


You were on level 1 of the Dungeon.
You visited 1 branch of the dungeon, and saw 3 of its levels.

You collected 12 gold pieces.

Inventory:

Hand Weapons
 a - a +1 vorpal quarterstaff (weapon)
Armour
 c - a +0 leather armour (worn)
 e - a +0 pair of gloves
Scrolls
 b - a scroll of blinking
 f - a scroll of teleportation {unknown}


   Skills:
 + Level 6.5 Fighting
 + Level 1.0 Short Blades
 + Level 1.0 Long Blades
 + Level 1.0 Axes
 + Level 1.0 Maces & Flails
 + Level 1.0 Polearms
 + Level 8.5 Staves
 + Level 1.0 Ranged Weapons
 + Level 1.0 Throwing
 + Level 1.0 Armour
 + Level 1.0 Dodging
 + Level 1.0 Stealth
 + Level 1.0 Shields
 + Level 1.0 Unarmed Combat
 + Level 7.2 Spellcasting
 + Level 0.7 Conjurations
 + Level 0.7 Hexes
 + Level 0.7 Summonings
 + Level 0.7 Necromancy
 + Level 0.7 Translocations
 + Level 0.7 Transmutations
 + Level 0.7 Fire Magic
 + Level 0.7 Ice Magic
 + Level 0.7 Air Magic
 + Level 0.7 Earth Magic
 + Level 0.7 Poison Magic
 + Level 1.1 Invocations
 + Level 1.0 Evocations


You had 15 spell levels left.
You knew the following spells:

 Your Spells              Type           Power      Damage    Failure   Level
a - Sting                 Tmut/Pois      32%        1d4       16%         1

Your spell library contained the following spells:

 Spells                   Type           Power      Damage    Failure   Level
 Ignite Poison            Fire/Tmut/Pois 8%         N/A       43%         3


Dungeon Overview and Level Annotations

Branches:
Dungeon (3/15)

Altars:

Shops:
D:1 [((


Innate Abilities, Weirdness & Mutations

You have very sharp teeth.
Your uncanny sense of smell can sniff out nearby items.
Your experience applies equally to all skills.


Message History

A kobold comes into view. It is wielding a +0 dagger.
Found a crooked glowing staff.
You feel yourself speed up.
The frilled lizard hisses angrily.
The jackal barks! x2; The kobold shouts!
It was a potion of brilliance.
You feel clever all of a sudden. The jackal bites you.
* * * LOW HITPOINT WARNING * * *
The jackal bites you but does no damage.
The jackal barely misses you.
Found a stone staircase leading up.
The frilled lizard completely misses you.
The jackal attacks as you move away!
The jackal bites you but does no damage.
The jackal attacks as you move away!
The jackal bites you but does no damage.
The jackal bites you.
* * * LOW HITPOINT WARNING * * *
The jackal attacks as you move away! The jackal barely misses you.
The frilled lizard attacks as you move away!
The frilled lizard completely misses you.
A frilled lizard comes into view.
The jackal attacks as you move away! The jackal bites you.
* * * LOW HITPOINT WARNING * * *
The frilled lizard attacks as you move away!
The frilled lizard closely misses you.
The frilled lizard hisses angrily.
The jackal barely misses you.
There is a stone staircase leading up here.
The jackal closely misses you. The jackal bites you.
* * * LOW HITPOINT WARNING * * *
The frilled lizard barely misses you. The frilled lizard bites you.
* * * LOW HITPOINT WARNING * * *
The jackal bites you.
* * * LOW HITPOINT WARNING * * *
You climb upwards.
Found 5 stones and 7 gold pieces.
Found Nekemmics's Weapon Emporium.
There is a stone staircase leading down here.
You closely miss the frilled lizard. The jackal bites you.
You die...

#### ..8.$
#########
.8.8..#h.......
8...8.l@.......
..∩..8#hl.....(
8...8 .........
.8.8 ......####
..8 ..#....# ..
......#.# #
....##.#.# ....
.#..


You could see 2 jackals and 2 frilled lizards.

Vanquished Creatures
  Natasha (D:2)
  2 adders (D:2)
  2 endoplasms
  3 jackals (D:2)
  2 frilled lizards (D:2)
10 creatures vanquished.

Notes
Turn   | Place    | Note
-------+----------+-------------------------------------------
     0 | D:1      | booth the Gnoll Wanderer began the quest for the Orb.
     0 | D:1      | booth set off with the following items: a +1 vorpal
                  | quarterstaff, a scroll of blinking, a +0 leather armour;
                  | and the following spell memorised: Sting; and the following
                  | spells available to memorise: Ignite Poison.
     0 | D:1      | Reached XP level 1. HP: 23/23 MP: 8/8
     9 | D:1      | Found Pacvoruc's Antique Armour Shoppe.
    50 | D:1      | Found Vonily's Antique Weapon Emporium.
    50 | D:1      | You fall into a shaft and drop 1 floor!
    60 | D:2      | Noticed Natasha
    81 | D:2      | Reached XP level 2. HP: 14/29 MP: 10/10
   100 | D:2      | Reached XP level 3. HP: 18/35 MP: 11/11
   119 | D:2      | Killed Natasha
   120 | D:2      | Reached skill level 1 in Short Blades
   120 | D:2      | Reached skill level 1 in Long Blades
   120 | D:2      | Reached skill level 1 in Axes
   120 | D:2      | Reached skill level 1 in Maces & Flails
   120 | D:2      | Reached skill level 1 in Polearms
   120 | D:2      | Reached skill level 1 in Ranged Weapons
   120 | D:2      | Reached skill level 1 in Throwing
   120 | D:2      | Reached skill level 1 in Armour
   120 | D:2      | Reached skill level 1 in Dodging
   120 | D:2      | Reached skill level 1 in Stealth
   120 | D:2      | Reached skill level 1 in Shields
   120 | D:2      | Reached skill level 1 in Unarmed Combat
   120 | D:2      | Reached skill level 1 in Invocations
   120 | D:2      | Reached skill level 1 in Evocations
   137 | D:2      | HP: 1/35 [jackal (1)]
   138 | D:1      | Found Nekemmics's Weapon Emporium.
   139 | D:1      | Slain by a jackal

Illustrated notes

Levels and vault maps discovered:
D:1:      dpeg_arrival_water_altar, layout_basic, serial_shops,
          nicolae_shop_statue_plus, nicolae_shop_temple_entry_statues_fountains,
          nicolae_diamond_shop, nicolae_shop_bloodbath_and_beyond, hex_tiny,
          skrybe_limestone_x
D:2:      layout_basic, dreamdust_ecumenical_altar_angels_and_demons,
          st_stairs_4, kennysheep_nub, minmay_lizard_pond, uniq_natasha
D:3:      minmay_angry_zag, layout_rooms

Skill      XL: |  1  2  3 |
---------------+----------+-----
Short Blades   | 1 |  1.0
Long Blades    | 1 |  1.0
Axes           | 1 |  1.0
Maces & Flails | 1 |  1.0
Polearms       | 1 |  1.0
Ranged Weapons | 1 |  1.0
Throwing       | 1 |  1.0
Armour         | 1 |  1.0
Dodging        | 1 |  1.0
Stealth        | 1 |  1.0
Shields        | 1 |  1.0
Unarmed Combat | 1 |  1.0
Invocations    | 1 |  1.1
Evocations     | 1 |  1.0
Fighting       | |  6.5
Staves         | |  8.5
Spellcasting   | |  7.2
Conjurations   | |  0.7
Hexes          | |  0.7
Summonings     | |  0.7
Necromancy     | |  0.7
Translocations | |  0.7
Transmutations | |  0.7
Fire Magic     | |  0.7
Ice Magic      | |  0.7
Air Magic      | |  0.7
Earth Magic    | |  0.7
Poison Magic   | |  0.7

Action                   || total
-------------------------++-------
Melee: Quarterstaff      ||    27
       Bite              ||     2
  Use: Potion            ||     1
Armor: Leather armour    ||     7
Dodge: Dodged            ||    20
